Cogmind - Beta 15 @@@ ROGUE MODE // 2025.07.20 @ 09:05:04 Player: shapeshifter Result: Destroyed by Y-45 Defender with Heavy Assault Rifle Performance ------------- Evolutions (1) 500 Regions Visited (2) 400 Robots Destroyed (25) 125 Value Destroyed (486) 486 Prototype IDs (0) 0 Alien Tech Used (0) 0 Bonus (0) 0 TOTAL SCORE: 1511 Bonus ------- None Cogmind --------- Core Integrity 0/400 Matter 96/400 Energy 100/100 System Corruption 0% Temperature Cool (9) Movement Core (400) Ox7 Location -9/Materials Parts ------- > --- POWER (1) -------- (None) > --- PROPULSION (4) --- (None) > --- UTILITY (2) ------ Large Storage Unit Medium Matter Pod > --- WEAPON (2) ------- (None) > --- INVENTORY (15) --- (None) Peak State ------------ > --- POWER ------------ Ion Engine > --- PROPULSION ------- Light Treads Light Treads Light Treads Light Treads > --- UTILITY ---------- Large Storage Unit Medium Armor Plating > --- WEAPON ----------- Medium Laser Small Laser > --- INVENTORY -------- Medium Matter Pod EM Pulse Gun Medium Laser Grenade Launcher [Rating: 10] Favorites ----------- Power Ion Engine Engine Ion Engine Propulsion Light Treads Treads Light Treads Leg Aluminum Leg Utility Large Storage Unit Device Seismic Detector Storage Large Storage Unit Protection Medium Armor Plating Weapon Medium Laser Energy Gun Medium Laser Launcher Grenade Launcher Build | -11 -10 -9 ------- Run | Yrd Mat Mat Slots Evolved 2 | . . 2 Power . | . . . Propulsion 2 | . . 2 Utility . | . . . Weapon . | . . . Parts Attached 18 | 7 2 9 Power 2 | 1 1 . Engine 2 | 1 1 . Core . | . . . Reactor . | . . . Propulsion 6 | 2 . 4 Treads 5 | 2 . 3 Leg 1 | . . 1 Wheel . | . . . Hover . | . . . Flight . | . . . Utility 5 | 2 1 2 Device 1 | 1 . . Storage 3 | 1 1 1 Processor . | . . . Hackware . | . . . Protection 1 | . . 1 Artifact . | . . . Weapon 5 | 2 . 3 Energy Gun 4 | 2 . 2 Energy Cannon . | . . . Ballistic Gun . | . . . Ballistic Cannon . | . . . Launcher 1 | . . 1 Special Weapon . | . . . Impact Weapon . | . . . Slashing Weapon . | . . . Piercing Weapon . | . . . Special Melee Weapon . | . . . Unidentified Prototypes . | . . . Parts Lost 13 | . 1 12 Power 2 | . 1 1 Propulsion 4 | . . 4 Utility 2 | . . 2 Weapon 5 | . . 5 Highest Loss Streak 11 | . 1 11 To Critical Strikes . | . . . Average Backups 5 | 3 7 3 Power . | . . . Propulsion 1 | 1 3 . Utility . | . . 1 Weapon 2 | . 2 2 Tool/Special . | . . . Unused Backups 2 | . . 2 Power . | . . . Propulsion 1 | . . 1 Utility 1 | . . 1 Weapon . | . . . Tool/Special . | . . . Average Slot Usage (%) 92 | . 99 88 Engine 11 | . 13 9 Treads 34 | . 28 38 Device 7 | . 14 4 Storage 12 | . 14 11 Protection 3 | . . 5 Energy Gun 22 | . 28 18 Peak Build Rating 10 | 7 7 10 Average Rating 7 | 4 6 8 On Entrance 4 | . 7 7 Naked Turns . | . . . Heaviest Build 37 | 15 30 37 Greatest Support 80 | 40 40 80 Greatest Overweight (x) 7 | . . 7 Average Overweight (x) . | . . . Largest Inventory Capacity 15 | 8 15 15 Average Capacity 14 | 7 14 15 Most Carried 8 | 6 8 7 Average Carried 5 | 3 7 3 Final Capacity 15 | 8 15 15 Final Carried 8 | 4 8 . Class Distribution -------------------- 83% | Mutant 16% | Scavenger-Mutant Dominant Class ---------------- Mutant | -10/Materials Mutant | -9/Materials Resources | -11 -10 -9 ----------- Run | Yrd Mat Mat Matter Collected 509 | 151 231 127 Remotely . | . . . Salvage Created 582 | 13 306 263 Parts 35 | 2 14 19 Haulers Intercepted 1 | . 1 . Recyclers Shooed . | . . . Parts Field Recycled . | . . . Retrieved Matter . | . . . Parts Self-Destructed . | . . . Prevented . | . . . Kills | -11 -10 -9 ------- Run | Yrd Mat Mat Combat Hostiles Destroyed 16 | . 5 11 Guns 9 | . 5 4 AOE 7 | . . 7 Classes Destroyed 8 | 1 4 3 Worker 3 | . 1 2 Tunneler 1 | 1 . . Hauler 1 | . 1 . Recycler 1 | . . 1 Watcher 3 | . 2 1 Swarmer 7 | . . 7 Grunt 8 | . 5 3 Sentry 1 | . . 1 Best Kill Streak 5 | 1 3 5 Combat Bots Only 4 | . 3 4 Max Kills in Single Turn 2 | 1 1 2 Gunslinging . | . . . Exploded 2 | . . 2 Melee . | . . . Uniques/NPCs Destroyed . | . . . Combat | -11 -10 -9 -------- Run | Yrd Mat Mat Hostile Shots Fired 220 | . 44 176 Missed 64 | . 8 56 Hits 156 | . 36 120 Projectile 156 | . 36 120 Critical Strikes 5 | . . 5 Damage Taken 1983 | . 457 1526 Core 530 | . 117 413 Absorbed by Shields . | . . . Core Remaining (%) 76 | 100 53 . Volleys Fired 91 | 5 31 55 Largest 2 | 2 2 2 Hottest 100 | 100 100 90 Shots Fired 157 | 10 54 93 Gun 135 | 10 54 71 Cannon . | . . . Launcher 22 | . . 22 Special . | . . . Kinetic . | . . . Thermal 128 | 10 54 64 Explosive 22 | . . 22 Electromagnetic 7 | . . 7 Robot Hit Streak 13 | 3 13 7 Robot Miss Streak 7 | 1 7 5 Penetration Max . | . . . Secondary Targets 1 | . . 1 Max Gunslinging Chain 1 | . . 1 Shots Hit Robots 83 | 4 34 45 Core Hits 46 | 1 17 28 Critical Kills . | . . . Critical Parts Destroyed . | . . . Critical Strikes 5 | . 1 4 Burn 5 | . 1 4 Melee Attacks . | . . . Impact . | . . . Slashing . | . . . Piercing . | . . . Sneak Attacks . | . . . Combat Hostiles . | . . . Follow-up Attacks . | . . . Damage Inflicted 1873 | 62 452 1359 Guns 1009 | 62 451 496 Cannons . | . . . Explosions 860 | . . 860 Melee . | . . . Ramming 4 | . 1 3 Kinetic . | . . . Thermal 989 | 62 451 476 Explosive 812 | . . 812 Electromagnetic 68 | . . 68 Impact . | . . . Slashing . | . . . Piercing . | . . . Highest Corruption . | . . . Average Corruption . | . . . Corruption Purged . | . . . Corruption Blocked . | . . . Overload Shots . | . . . Overflow Damage 10 | . . 10 Projectiles . | . . . Explosions 10 | . . 10 Melee . | . . . Knockbacks . | . . . Impact . | . . . Kinetic . | . . . Secondary . | . . . Self-Inflicted Damage 55 | . . 55 Shots 4 | . . 4 Rammed 2 | . 1 1 Targets Rammed 2 | . 1 1 Kicked . | . . . Crushed . | . . . Highest Temperature 428 | 117 428 237 Average Temperature 111 | 41 164 78 Received Heat Transfer 732 | . 252 480 Effects 8 | . 8 . Shutdowns 1 | . 1 . Interference 5 | . 5 . Matter Decay 2 | . 2 . Siege Activations . | . . . Martial Activations . | . . . Shielding Activations . | . . . Robots Disrupted . | . . . Combat Hostiles . | . . . Robots Corrupted . | . . . Combat Hostiles . | . . . Parts Fried . | . . . Impact Corruptions . | . . . Robots Melted . | . . . Combat Hostiles . | . . . Parts Melted . | . . . Heat Transferred 3163 | 185 1406 1572 Parts Sabotaged . | . . . Parts Stolen . | . . . Parts Stripped . | . . . Power Chain Reactions 1 | . . 1 Alert | -11 -10 -9 ------- Run | Yrd Mat Mat Maximum Alert Level 1 | . . 1 Low Security (%) 99 | 100 100 98 Level 1 . | . . 1 Level 2 . | . . . Level 3 . | . . . Level 4 . | . . . Level 5 . | . . . High Security . | . . . Max Security . | . . . Peak Influence 219 | 5 60 219 Initial . | . . . Average 47 | . 12 77 Influence Increases 635 | 5 154 476 Destroy 0b10 Robot/C 320 | . 100 220 Destroy 0b10 Robot/NC 45 | 5 20 20 Destroy Leader 68 | . 26 42 Successful Hack 11 | . 7 4 Disable Machine 30 | . . 30 Destroy Structure 131 | . 1 130 Lose Combat Pursuer 30 | . . 30 Influence Decreases 505 | 5 154 346 Time Decay 385 | 5 144 236 Lost Part 120 | . 10 110 Squads Dispatched 3 | . 1 2 Investigation 2 | . 1 1 Extermination . | . . . Reinforcement 1 | . . 1 Assault . | . . . Garrison . | . . . Intercept . | . . . Searches Triggered . | . . . Construction Impeded . | . . . Haulers Reinforced . | . . . Active Scanning Responses . | . . . Cargo Convoy Interrupts . | . . . Stealth | -11 -10 -9 --------- Run | Yrd Mat Mat Distress Signals 2 | . . 2 Communications Jammed . | . . . Distress Signals . | . . . Times Spotted 33 | . 9 24 Peak Tracking Total 5 | . 3 5 Tactical Retreats 2 | . . 2 Traps | -11 -10 -9 ------- Run | Yrd Mat Mat Traps Triggered . | . . . Indirectly . | . . . Trap Hack Attempts . | . . . Triggered . | . . . Disarmed . | . . . Reprogrammed . | . . . Reused . | . . . Traps Extracted . | . . . Installed . | . . . Triggered . | . . . Machines | -11 -10 -9 ---------- Run | Yrd Mat Mat Machines Disabled 4 | . 2 2 Max in Single Turn 2 | . 1 2 Machines Repaired . | . . . Machines Dismantled . | . . . Machines Sabotaged . | . . . Overloaded Fab Kills . | . . . Hacking | -11 -10 -9 --------- Run | Yrd Mat Mat Machines Accessed 5 | . 3 2 Terminals 5 | . 3 2 Fabricators . | . . . Repair Stations . | . . . Recycling Units . | . . . Scanalyzers . | . . . Garrison Access . | . . . Total Hacks 14 | . 8 6 Successful 8 | . 5 3 Failed 6 | . 3 3 Catastrophic 2 | . 2 . Database Lockouts . | . . . Manual . | . . . Terminals 14 | . 8 6 Fabricators . | . . . Repair Stations . | . . . Recycling Units . | . . . Scanalyzers . | . . . Garrison Access . | . . . Terminal Hacks 8 | . 5 3 Robot Analysis 1 | . . 1 Branch Access Points 1 | . 1 . Alert Level 1 | . . 1 Locate Traps 1 | . 1 . Dispatch Records 1 | . . 1 Investigation Status 1 | . 1 . Reinforcement Status 1 | . 1 . Hauler Manifests 1 | . 1 . Fabricator Hacks . | . . . Repair Station Hacks . | . . . Recycling Unit Hacks . | . . . Scanalyzer . | . . . Garrison Access Hacks . | . . . Unauthorized Hacks . | . . . Terminals . | . . . Fabricators . | . . . Repair Stations . | . . . Recycling Units . | . . . Scanalyzers . | . . . Garrison Access . | . . . Data Cores Recovered . | . . . Used . | . . . Hacking Detections 4 | . 2 2 Full Trace Events 3 | . 1 2 Feedback Events . | . . . Feedback Blocked . | . . . Robot Schematics Acquired . | . . . Robots Built . | . . . Authchips . | . . . Time . | . . . Total Robot Build Rating . | . . . Part Schematics Acquired . | . . . Parts Built . | . . . Authchips . | . . . Time . | . . . Total Part Build Rating . | . . . Parts Repaired . | . . . Time . | . . . Parts Recycled . | . . . Recycled Matter . | . . . Retrieved Matter . | . . . Retrieved Components . | . . . Parts Scanalyzed . | . . . Part Schematics Acquired . | . . . Parts Damaged . | . . . Bothacking | -11 -10 -9 ------------ Run | Yrd Mat Mat Used RIF Installer . | . . . Robots Hacked . | . . . Non-combat . | . . . Combat . | . . . Robot Hacks Applied . | . . . Relay Couplers Released . | . . . Fabnet Peak Effective % . | . . . Robots Rewired . | . . . Allies Hacked . | . . . Hacks Repelled . | . . . Allies | -11 -10 -9 -------- Run | Yrd Mat Mat Total Allies . | . . . Largest Group . | . . . Highest-Rated Group . | . . . Highest-Rated Ally . | . . . Total Orders . | . . . Ally Attacks . | . . . Total Damage . | . . . Kills . | . . . Allies Corrupted . | . . . Allies Melted . | . . . Intel | -11 -10 -9 ------- Run | Yrd Mat Mat Active Infowar (turns) 758 | 47 398 313 Seismic 758 | 47 398 313 Robot Analysis Total 1 | . . 1 Derelict Logs Recovered . | . . . Drone Launches . | . . . Drone Recoveries . | . . . Exploration | -11 -10 -9 ------------- Run | Yrd Mat Mat Turns Passed 1531 | 109 566 856 Spaces Moved 733 | 57 292 384 Core 34 | 13 . 21 Treads 699 | 44 292 363 Legs . | . . . Wheels . | . . . Hover . | . . . Flight . | . . . Fastest Speed 50 | 50 160 160 Average Speed 163 | 134 160 170 Slowest Speed 400 | 160 160 400 Overloaded Moves . | . . . Propulsion Burnouts . | . . . Robots Hopped . | . . . Potential Cave-ins . | . . . Cave-ins Triggered . | . . . Exploration Rate (%) 28 | 4 45 36 Regions Visited 2 Branch Regions . Pre-discovered Areas . | . . . Known Exits Taken . | . . . Unknown Exits Taken 2 | 1 1 . Scrap Searched . | . . . Spaces Dug . | . . . Terrain Destroyed 156 | . . 156 Melee . | . . . Projectile . | . . . AOE 156 | . . 156 Terrain Rammed . | . . . Walls Destroyed . | . . . Machines Disabled . | . . . Actions | -11 -10 -9 --------- Run | Yrd Mat Mat Total 907 | 79 336 492 Wait 33 | . 4 29 Move 731 | 56 291 384 Hop . | . . . Pick Up 20 | 11 6 3 Fast Attach . | . . . Attach 16 | 7 1 8 Detach . | . . . Swap 9 | . 1 8 Drop 5 | . 1 4 Fire 91 | 5 31 55 Melee . | . . . Ram . | . . . Kick . | . . . Crush 2 | . 1 1 Escape Stasis . | . . . Rewire . | . . . Trap . | . . . Miscellaneous . | . . . Route ------- -11/Scrapyard -10/Materials (discovered 3 exits: *Mat / *Min x2) -9/Materials (discovered 1 exit: [*Mat]) History --------- Turn | Location | Event 5 | -11/Scrapyard | Discovered new exit (range 15) 110 | -11/Scrapyard | Entered Materials 307 | -10/Materials | Build established: Mutant 456 | -10/Materials | Discovered new exit (range 5) 555 | -10/Materials | Discovered new exit (range 12) 577 | -10/Materials | Identified exit to Mines 676 | -10/Materials | Entered another Materials area 676 | -9/Materials | Evolved 2 slots: Propulsion x2 1069 | -9/Materials | Discovered new exit (range 16) 1472 | -9/Materials | Core integrity fell below 50% 1490 | -9/Materials | Lost 11 parts (1p4n1u5w) 1509 | -9/Materials | Core integrity fell below 20% 1532 | -9/Materials | Destroyed by Y-45 Defender with Heavy Assault Rifle Last Messages --------------- 01453_ EM Pulse Gun destroyed. 01453_ K-01 Serf cleans the Terminal. 01456_ Med. Laser destroyed. 01456_ K-01 Serf cleans the Terminal. 01459_ Lgt. Treads destroyed. 01463_ W-16 Scout sends out distress signal. 01464_ U-05 Engineer builds a Wall. 01465_ U-05 Engineer lays Concrete. 01466_ U-05 Engineer builds a Wall. 01470_ U-05 Engineer lays Concrete. 01470_ U-05 Engineer builds a Wall. 01475_ Critical hit (Burn: +37). 01477_ M-13 Machinist repairs Y-45 Defender. 01479_ M-13 Machinist fits Backup Power I on Y-45 Defender. 01482_ R-06 Scavenger collects Lgt. Ion Engine. 01488_ Y-45 Defender misfires. 01500_ M-13 Machinist repairs Y-45 Defender. 01503_ Y-45 Defender IFF system glitched. 01506_ M-13 Machinist repairs Y-45 Defender. Map ----- +----------------------------------------------------+ | | | | | | | | | | | | | ?????????????????????????????????????????????????? | | ?????????????????????????????????????????????????? | | ?????????????????????????????????????????????????? | | ?????????????????????????????????????????????????? | | ?????????????????????????????????????????????????? | | ?????????????????????????????????????????????????? | | ?????????????????????????????????????????????????? | | ##???????????????????????????????????????????????? | | #???????????????????????????????????????????????? | | #???????????????????????????????????????????????? | | #???########????????????????????????????????????? | | #???# #????????????????????????????????????? | | #???# T #??????????#####?????????????#???????? | | #???# #??????????# #????????????? ???????? | | ##??# ##?#######?# < #???????##???? ???????? | | #??# ## # ##### #??###### #### #??????? | | #??# ### # ## #??# ## #??????? | | # ###### ############## #??# ## #??????? | | #??# ## #??????? | | a % @ #??# """ ## #??????? | | ###+#### ############ #??# """ ## #??????? | | # # # #??# """ ## #??????? | | # # """#??"" " # #??# """" + #??????? | | # ] # """#??"" """ + #??# """ ##=#??????? | | # # """#??"" """ # Y #??# ##=##?????? | | # "T" # #? # Y########+####% #?????? | | # """ # ! #?######### Y %T #?????? | | # ################?# w ### #?????? | | ######## # # ### #?????? | | ???????# # """ # !!! ######?# #????? | | ???????# # """ ; !!! #????? # #????? | | ???????# "" = # """ # !! #???? # # #???? | | ???????# "" # """ # [ #??? # ##???? | | ???????# "" # ?# +?"" #????? | | ???????# "" ######?# #### # ????? | | ???????# #??????# #??# % ???? | | ??????## #??????# #??# ## ???? | | #############+###??????# #??# #### ## ??? | | # #########+#### ?? ? ??? | | # + # ####??# # ##?? | | # #### # #?????# # # ###??? | | + #### #??# # #?????# ?#?##????? | | # #### #??# # ??????#/?????????? | | """ # #?## #??# +?????????? ?????????? | +----------------------------------------------------+ Best States ------------- Heat Dissipation 28 Energy Generation 10 Energy Capacity 250 Matter Stores 300 Matter Capacity 400 Sight Range 16 Terrain Scan Density 10 Armor Coverage 225 Evasion (%) 50 Recoil Reduction 4 Item Schematics ----------------- None Robot Schematics ------------------ None Fabricated ------------ Nothing Repaired ---------- Nothing Alien Tech Used ----------------- None Achievements -------------- None Challenges ------------ None Game ------ Seed RocketExplosiveThermoblaster Manual? 0 Play Time 00:12:00 Cumulative 18.5 hours Start 2025.07.20 @ 08:57:17 End 2025.07.20 @ 09:05:04 Sessions 1 Manual Loads 0 Difficulty Rogue Special Mode None Game No. 57 Rogue 57 Adventurer 0 Explorer 0 Win Type - Total 0 Types 0/0/0/0/0/0/0/0/0/0 Lore% 19 Gallery% 20 Achievement% 17 Wizard Run 0 Options --------- Layout 1 ASCII 0 Keyboard 0 Movement Mouse Keybinds 0 Fullscreen 1 Font 32/SmallcapsGlow Map View 50x35 Zoom Use 0% Tactical HUD 1 Map Filters NONE Filters NONE Steam 1 RUN: 6bac4423-2130-4462-804d-34866625966c